| TOP OF THE 1ST |
|
Burlington Bees batting - Pitching for Quad Cities River Bandits : LHP Dzintars Balodis
|
|
Pitching: LHP Dzintars Balodis
|
|
|
Batting: RHB Khalil Thurston
|
0-0: Called Strike 0-1: Ball 1-1: Foul Ball, location: 2F 1-2: Strikes out swinging
|
|
Batting: RHB Nick Lombardo
|
0-0: Ball 1-0: Called Strike 1-1: Called Strike 1-2: Strikes out looking
|
|
Batting: RHB Ricky Mejicanos
|
0-0: Ball 1-0: Ball 2-0: Foul Ball, location: 2F 2-1: Swinging Strike 2-2: SOLO HOME RUN (Flyball, 7D, EV 105.6 MPH), Distance : 394 ft
|
|
Batting: LHB Mutsuo IIda
|
0-0: Foul Ball, location: 2F 0-1: Called Strike 0-2: Strikes out swinging
|
| Top of the 1st over - 1 run, 1 hit, 0 errors, 0 left on base; Burlington 1 - Quad Cities 0 |
| BOTTOM OF THE 1ST |
|
Quad Cities River Bandits batting - Pitching for Burlington Bees : RHP Getachew El Sayed
|
|
Pitching: RHP Getachew El Sayed
|
|
|
Batting: LHB Glenn Lowther
|
0-0: Swinging Strike 0-1: Ball 1-1: Ground out 5-3 (Groundball, 56, EV 84.4 MPH)
|
|
Batting: RHB Sean Mounts
|
0-0: Reached on error, E6 (Groundball, 6M, EV 92.5 MPH)
|
|
Batting: LHB Danny Wolver
|
0-0: Ball 1-0: Fielders Choice at 2nd, 3-6 (Groundball, 3, EV 91.2 MPH)
|
|
Batting: RHB Tim Persson
|
0-0: Ball Danny Wolver is caught stealing 2nd base 2-4
|
| Bottom of the 1st over - 0 runs, 0 hits, 1 error, 0 left on base; Burlington 1 - Quad Cities 0 |
| TOP OF THE 2ND |
|
Burlington Bees batting - Pitching for Quad Cities River Bandits : LHP Dzintars Balodis
|
|
Batting: RHB Peter Westover
|
0-0: Swinging Strike 0-1: Ball 1-1: Ball 2-1: Ball 3-1: Called Strike 3-2: Strikes out swinging
|
|
Batting: RHB T.J. Gray
|
0-0: Called Strike 0-1: Foul Ball, location: 2F 0-2: Fly out, F8 (Flyball, 8LM, EV 75.0 MPH)
|
|
Batting: LHB Edgar van der Meeren
|
0-0: Swinging Strike 0-1: Ball 1-1: Foul Ball, location: 2F 1-2: Foul Ball, location: 2F 1-2: Ball 2-2: Strikes out swinging
|
| Top of the 2nd over - 0 runs, 0 hits, 0 errors, 0 left on base; Burlington 1 - Quad Cities 0 |
| BOTTOM OF THE 2ND |
|
Quad Cities River Bandits batting - Pitching for Burlington Bees : RHP Getachew El Sayed
|
|
Batting: RHB Tim Persson
|
0-0: Foul Ball, location: 2F 0-1: Fly out, F1 (Line Drive, P, EV 70.0 MPH)
|
|
Batting: RHB Steve Moore
|
0-0: Called Strike 0-1: Ball 1-1: Foul Ball, location: 2F 1-2: SOLO HOME RUN (Flyball, 89XD, EV 98.8 MPH), Distance : 376 ft
|
|
Batting: RHB Derek Moran
|
0-0: Called Strike 0-1: Ball 1-1: Ball 2-1: Ball 3-1: Ground out 4-3 (Groundball, 4, EV 102.5 MPH)
|
|
Batting: RHB Joel Vazquez
|
0-0: Called Strike 0-1: Called Strike 0-2: Ball 1-2: SOLO HOME RUN (Flyball, 7D, EV 104.4 MPH), Distance : 376 ft
|
|
Batting: RHB Reginald McDougall
|
0-0: Ball 1-0: Foul Ball, location: 2F 1-1: Ground out U3 (Groundball, 34S, EV 86.2 MPH)
|
| Bottom of the 2nd over - 2 runs, 2 hits, 0 errors, 0 left on base; Burlington 1 - Quad Cities 2 |
| TOP OF THE 3RD |
|
Burlington Bees batting - Pitching for Quad Cities River Bandits : LHP Dzintars Balodis
|
|
Batting: LHB Adam Barry
|
0-0: Ball 1-0: Called Strike 1-1: SINGLE (Flyball, 89S, EV 91.9 MPH)
|
|
Batting: SHB Tim Connell
|
0-0: Ball 1-0: Foul Ball, location: 2F 1-1: Foul Ball, location: 2F 1-2: Ball 2-2: Ball 3-2: Foul Ball, location: 2F 3-2: Strikes out looking
|
|
Batting: RHB Khalil Thurston
|
0-0: Called Strike 0-1: Foul Ball, location: 2F 0-2: SINGLE (Groundball, 6MD, EV 96.2 MPH) Adam Barry to second
|
|
Batting: RHB Nick Lombardo
|
0-0: Foul Ball, location: 2F 0-1: Fielders Choice at 2nd, 6-4 (Groundball, 6, EV 83.1 MPH) Adam Barry to third
|
|
Batting: RHB Ricky Mejicanos
|
0-0: Fly out, F7 (Flyball, 7LD, EV 99.4 MPH)
|
| Top of the 3rd over - 0 runs, 2 hits, 0 errors, 2 left on base; Burlington 1 - Quad Cities 2 |
| BOTTOM OF THE 3RD |
|
Quad Cities River Bandits batting - Pitching for Burlington Bees : RHP Getachew El Sayed
|
|
Batting: RHB Ray Souza
|
0-0: Ball 1-0: Foul Ball, location: 2F 1-1: Ball 2-1: Ball 3-1: Base on Balls
|
|
Batting: LHB Glenn Lowther
|
0-0: Called Strike 0-1: Swinging Strike 0-2: Ball 1-2: Fly out, F3 (Popup, 34S, EV 76.9 MPH)
|
|
Batting: RHB Sean Mounts
|
0-0: Ball 1-0: Ball 2-0: Ball 3-0: Base on Balls Ray Souza to second
|
|
Batting: LHB Danny Wolver
|
0-0: Ball 1-0: Ball 2-0: Ball 3-0: Called Strike 3-1: Called Strike 3-2: Foul Ball, location: 2F 3-2: Strikes out swinging
|
|
Batting: RHB Tim Persson
|
0-0: Ball 1-0: Ball 2-0: Ball 3-0: Base on Balls Ray Souza to third Sean Mounts to second
|
|
Batting: RHB Steve Moore
|
0-0: Called Strike 0-1: SINGLE (Line Drive, 34D, EV 103.1 MPH) Ray Souza scores Sean Mounts to third Tim Persson to second
|
|
Batting: RHB Derek Moran
|
0-0: Called Strike 0-1: Fielders Choice at 2nd, 6-4 (Groundball, 6, EV 90.0 MPH)
|
| Bottom of the 3rd over - 1 run, 1 hit, 0 errors, 3 left on base; Burlington 1 - Quad Cities 3 |
| TOP OF THE 4TH |
|
Burlington Bees batting - Pitching for Quad Cities River Bandits : LHP Dzintars Balodis
|
|
Batting: LHB Mutsuo IIda
|
0-0: Ball 1-0: Foul Ball, location: 2F 1-1: Ball 2-1: Ground out 6-3 (Groundball, 6, EV 84.4 MPH)
|
|
Batting: RHB Peter Westover
|
0-0: Ball 1-0: Ball 2-0: Called Strike 2-1: Called Strike 2-2: Ball 3-2: Foul Ball, location: 2F 3-2: Foul Ball, location: 2F 3-2: Base on Balls
|
|
Batting: RHB T.J. Gray
|
0-0: Ball Peter Westover is caught stealing 2nd base 2-4 1-0: Called Strike 1-1: Called Strike 1-2: Fly out, F7 (Flyball, 7, EV 75.6 MPH)
|
| Top of the 4th over - 0 runs, 0 hits, 0 errors, 0 left on base; Burlington 1 - Quad Cities 3 |
| BOTTOM OF THE 4TH |
|
Quad Cities River Bandits batting - Pitching for Burlington Bees : RHP Getachew El Sayed
|
|
Batting: RHB Joel Vazquez
|
0-0: Ball 1-0: Called Strike 1-1: Foul Ball, location: 2F 1-2: Strikes out swinging
|
|
Batting: RHB Reginald McDougall
|
0-0: Ball 1-0: Swinging Strike 1-1: Ground out 5-3 (Groundball, 5L, EV 88.8 MPH)
|
|
Batting: RHB Ray Souza
|
0-0: Ball 1-0: Ball 2-0: Swinging Strike 2-1: Ball 3-1: SINGLE (Groundball, 56D, EV 101.2 MPH)
|
|
Batting: LHB Glenn Lowther
|
0-0: Called Strike 0-1: Swinging Strike 0-2: Strikes out looking
|
| Bottom of the 4th over - 0 runs, 1 hit, 0 errors, 1 left on base; Burlington 1 - Quad Cities 3 |
| TOP OF THE 5TH |
|
Burlington Bees batting - Pitching for Quad Cities River Bandits : LHP Dzintars Balodis
|
|
Batting: LHB Edgar van der Meeren
|
0-0: Called Strike 0-1: Ball 1-1: Ball 2-1: Swinging Strike 2-2: Fly out, F7 (Flyball, 7, EV 90.6 MPH)
|
|
Batting: LHB Adam Barry
|
0-0: Called Strike 0-1: Ball 1-1: Ball 2-1: Ground out 5-3 (Groundball, 5L, EV 92.5 MPH)
|
|
Batting: SHB Tim Connell
|
0-0: Ball 1-0: Swinging Strike 1-1: Foul Ball, location: 2F 1-2: Strikes out swinging, 2-3 out at first.
|
| Top of the 5th over - 0 runs, 0 hits, 0 errors, 0 left on base; Burlington 1 - Quad Cities 3 |
| BOTTOM OF THE 5TH |
|
Quad Cities River Bandits batting - Pitching for Burlington Bees : RHP Getachew El Sayed
|
|
Pitching: RHP Humberto Paniagua
|
|
|
Batting: RHB Sean Mounts
|
0-0: Ball 1-0: SINGLE (Line Drive, 8LS, EV 108.8 MPH)
|
|
Batting: LHB Danny Wolver
|
0-0: Called Strike 0-1: Ball 1-1: Foul Ball, location: 2F 1-2: Fielders Choice at 2nd, 5-4 (Groundball, 56, EV 109.4 MPH)
|
|
Batting: RHB Tim Persson
|
0-0: Ball 1-0: Called Strike 1-1: Ball 2-1: SINGLE (Groundball, 4MD, EV 110.0 MPH) Danny Wolver to second
|
|
Batting: RHB Steve Moore
|
0-0: Ball 1-0: Ball 2-0: Ball 3-0: Base on Balls Danny Wolver to third Tim Persson to second
|
|
Batting: RHB Derek Moran
|
0-0: Ball 1-0: Called Strike 1-1: Called Strike 1-2: Foul Ball, location: 2F 1-2: Foul Ball, location: 2F 1-2: Ball 2-2: Strikes out looking
|
|
Batting: RHB Joel Vazquez
|
0-0: Called Strike 0-1: Fly out, F9 (Flyball, 89S, EV 90.0 MPH)
|
| Bottom of the 5th over - 0 runs, 2 hits, 0 errors, 3 left on base; Burlington 1 - Quad Cities 3 |
| TOP OF THE 6TH |
|
Burlington Bees batting - Pitching for Quad Cities River Bandits : LHP Dzintars Balodis
|
|
Batting: RHB Khalil Thurston
|
0-0: Foul Ball, location: 2F 0-1: Called Strike 0-2: Fly out, F9 (Flyball, 9D, EV 97.5 MPH)
|
|
Batting: RHB Nick Lombardo
|
0-0: Foul Ball, location: 2F 0-1: Called Strike 0-2: Ball 1-2: Ball 2-2: Ball 3-2: Fly out, F9 (Flyball, 89M, EV 89.4 MPH)
|
|
Batting: RHB Ricky Mejicanos
|
0-0: Ball 1-0: Foul Ball, location: 2F 1-1: Ball 2-1: Foul Ball, location: 2F 2-2: Fly out, F4 (Popup, 4M, EV 70.0 MPH)
|
| Top of the 6th over - 0 runs, 0 hits, 0 errors, 0 left on base; Burlington 1 - Quad Cities 3 |
| BOTTOM OF THE 6TH |
|
Quad Cities River Bandits batting - Pitching for Burlington Bees : RHP Humberto Paniagua
|
|
Batting: RHB Reginald McDougall
|
0-0: Ball 1-0: Foul Ball, location: 2F 1-1: DOUBLE (Groundball, 5L, EV 100.0 MPH)
|
|
Batting: RHB Ray Souza
|
0-0: Ball 1-0: Ball 2-0: Ball 3-0: Called Strike 3-1: Ground out 6-3 (Groundball, 6, EV 108.1 MPH)
|
|
Batting: LHB Glenn Lowther
|
0-0: Called Strike Reginald McDougall steals 3rd base (no throw) 0-1: Ball 1-1: Ball 2-1: Foul Ball, location: 2F 2-2: Strikes out looking
|
|
Batting: RHB Sean Mounts
|
0-0: Called Strike 0-1: Foul Ball, location: 2F 0-2: Ball 1-2: Ground out 5-3 (Groundball, 5, EV 84.4 MPH)
|
| Bottom of the 6th over - 0 runs, 1 hit, 0 errors, 1 left on base; Burlington 1 - Quad Cities 3 |
| TOP OF THE 7TH |
|
Burlington Bees batting - Pitching for Quad Cities River Bandits : LHP Dzintars Balodis
|
|
Batting: LHB Mutsuo IIda
|
0-0: Ball 1-0: Fly out, F8 (Line Drive, 8RM, EV 95.6 MPH)
|
|
Batting: RHB Peter Westover
|
0-0: Ground out 4-3 (Groundball, 4M, EV 91.2 MPH)
|
|
Batting: RHB T.J. Gray
|
0-0: SINGLE (Groundball, 6D, EV 105.6 MPH)
|
|
Batting: LHB Edgar van der Meeren
|
0-0: Ball 1-0: Foul Ball, location: 2F 1-1: Ball 2-1: Called Strike 2-2: Strikes out swinging
|
| Top of the 7th over - 0 runs, 1 hit, 0 errors, 1 left on base; Burlington 1 - Quad Cities 3 |
| BOTTOM OF THE 7TH |
|
Quad Cities River Bandits batting - Pitching for Burlington Bees : RHP Humberto Paniagua
|
|
Pitching: LHP Tyler MacLean
|
|
|
Batting: LHB Danny Wolver
|
0-0: Foul Ball, location: 2F 0-1: Foul Ball, location: 2F 0-2: Ground out 1-3 (Groundball, 13S, EV 60.0 MPH)
|
|
Batting: RHB Tim Persson
|
0-0: Ball 1-0: SOLO HOME RUN (Line Drive, 7LD, EV 99.4 MPH), Distance : 367 ft
|
|
Batting: RHB Steve Moore
|
0-0: Ground out 6-3 (Groundball, 6, EV 81.9 MPH)
|
|
Batting: RHB Derek Moran
|
0-0: Ball 1-0: Ball 2-0: Swinging Strike 2-1: Ball 3-1: Called Strike 3-2: SINGLE (Groundball, 6D, EV 94.4 MPH)
|
|
Batting: RHB Joel Vazquez
|
0-0: Ball 1-0: Ball 2-0: Swinging Strike 2-1: Called Strike 2-2: SINGLE (Flyball, 7S, EV 95.0 MPH) Derek Moran to second
|
|
Batting: RHB Reginald McDougall
|
0-0: Swinging Strike 0-1: Ball 1-1: Ground out 4-3 (Groundball, 34, EV 104.4 MPH)
|
| Bottom of the 7th over - 1 run, 3 hits, 0 errors, 2 left on base; Burlington 1 - Quad Cities 4 |
| TOP OF THE 8TH |
|
Burlington Bees batting - Pitching for Quad Cities River Bandits : LHP Dzintars Balodis
|
|
Batting: LHB Adam Barry
|
0-0: Ball 1-0: Ball 2-0: Foul Ball, location: 2F 2-1: Foul Ball, location: 2F 2-2: Foul Ball, location: 2F 2-2: Strikes out swinging
|
|
Pitching: RHP Carlos Zavala
|
|
|
Batting: SHB Tim Connell
|
0-0: Ball 1-0: Ball 2-0: Ball 3-0: Called Strike 3-1: Fly out, F9 (Line Drive, 9S, EV 92.5 MPH)
|
|
Batting: RHB Khalil Thurston
|
0-0: Swinging Strike 0-1: Foul Ball, location: 2F 0-2: Strikes out swinging
|
| Top of the 8th over - 0 runs, 0 hits, 0 errors, 0 left on base; Burlington 1 - Quad Cities 4 |
| BOTTOM OF THE 8TH |
|
Quad Cities River Bandits batting - Pitching for Burlington Bees : LHP Tyler MacLean
|
|
Pitching: RHP Tim Mumpower
|
|
|
Batting: RHB Ray Souza
|
0-0: Ball 1-0: Foul Ball, location: 2F 1-1: Swinging Strike 1-2: Ball 2-2: Strikes out swinging
|
|
Batting: LHB Glenn Lowther
|
0-0: Ball 1-0: Swinging Strike 1-1: Fly out, F9 (Line Drive, 9S, EV 110.0 MPH)
|
|
Batting: RHB Sean Mounts
|
0-0: Ball 1-0: Ball 2-0: Ball 3-0: Called Strike 3-1: Foul Ball, location: 2F 3-2: Strikes out swinging
|
| Bottom of the 8th over - 0 runs, 0 hits, 0 errors, 0 left on base; Burlington 1 - Quad Cities 4 |
| TOP OF THE 9TH |
|
Burlington Bees batting - Pitching for Quad Cities River Bandits : RHP Carlos Zavala
|
|
Batting: RHB Nick Lombardo
|
0-0: SINGLE (Flyball, 3D, EV 90.0 MPH)
|
|
Batting: RHB Ricky Mejicanos
|
0-0: Ball 1-0: Swinging Strike 1-1: SINGLE (Line Drive, 7S, EV 111.9 MPH) Nick Lombardo to second
|
|
Batting: LHB Mutsuo IIda
|
0-0: Called Strike 0-1: Fielders Choice at 2nd, 3-6 (Groundball, 34, EV 106.2 MPH) Nick Lombardo to third
|
|
Pinch Hitting: LHB Dave Hicks
|
0-0: Ground out 5-3 (Groundball, 56S, EV 72.5 MPH) Nick Lombardo scores Mutsuo IIda to second
|
|
Batting: RHB T.J. Gray
|
0-0: Ball 1-0: Swinging Strike 1-1: Ball 2-1: Ball 3-1: Called Strike 3-2: Strikes out swinging
|
| Top of the 9th over - 1 run, 2 hits, 0 errors, 1 left on base; Burlington 2 - Quad Cities 4 |
|